[Event "Titled Tuesday Blitz February 14 Late 2023"]
[White "Jesusesmifuerza"]
[Black "Szente Varga, Fruzsina"]
[BlackFideId "712264"]
[WhiteElo "2001"]
[BlackElo "2075"]
[Result "0-1"]
[Round "03"]
[TimeControl "180+2"]
[Date "2023.02.14"]
[WhiteClock "0:00:28"]
[BlackClock "0:00:37"]

1. d4 Nf6 2. Nc3 d5 3. Bf4 g6 4. e3 Bg7 5. Nb5 Na6 6. h3 O-O 7. Nf3 c6 8. Nc3 Nc7 9. Be2 Ne4 10. Nxe4 dxe4 11. Nd2 f5 12. O-O Nd5 13. Bh2 e5 14. dxe5 Qe7 15. Nc4 b5 16. Nd6 Bxe5 17. Bxe5 Qxe5 18. Nxc8 Raxc8 19. Qd4 Qxd4 20. exd4 Rfd8 21. c4 Nf4 22. Rfe1 Rxd4 23. cxb5 Nxe2+ 24. Rxe2 cxb5 25. Kf1 Kf7 26. Ke1 Ke6 27. Rd1 Rcd8 28. Rxd4 Rxd4 29. Rc2 Rc4 30. Rd2 h5 31. Kd1 g5 32. Rd8 Ke5 33. g3 Rd4+ 34. Rxd4 Kxd4 35. Kd2 f4 36. Ke2 a5 37. gxf4 gxf4 38. h4 a4 39. a3 Kc4 40. Kd2 Kb3 0-1


[Site "https://www.chess.com"]

[Event "Titled Tuesday Blitz February 14 Late 2023"]
[White "Ruiz Aguilar, Pablo Alexander"]
[Black "Oliveira, Tiago Batista"]
[WhiteFideId "4401352"]
[BlackFideId "2108291"]
[WhiteElo "2161"]
[BlackElo "1991"]
[Result "1/2-1/2"]
[Round "03"]
[TimeControl "180+2"]
[Date "2023.02.14"]
[WhiteClock "0:00:14"]
[BlackClock "0:00:02"]

1. e4 c5 2. Nf3 Nc6 3. d4 cxd4 4. Nxd4 Nf6 5. Nc3 d6 6. Be2 e6 7. Be3 Be7 8. O-O O-O 9. f4 a6 10. Kh1 Qc7 11. Qe1 b5 12. Nxc6 Qxc6 13. e5 dxe5 14. fxe5 Nd5 15. Bf3 Bb7 16. Qg3 Rfd8 17. Bh6 Bf8 18. Ne4 Qxc2 19. Nf6+ Nxf6 20. exf6 Bxf3 21. Rxf3 Rd1+ 22. Rf1 Rad8 23. Bxg7 Rxa1 24. Bxf8+ Qg6 25. Qxg6+ fxg6 26. Rxa1 Kxf8 27. g4 g5 28. h4 h6 29. hxg5 hxg5 30. Kg2 Rd4 31. Kf3 Rf4+ 32. Kg3 Kf7 33. Rd1 Kxf6 34. Rd6 Ra4 35. a3 a5 36. Rb6 b4 37. axb4 Rxb4 38. Ra6 a4 39. Kf3 Rb3+ 40. Ke4 Rb4+ 41. Kf3 Ke5 42. Ra5+ Kf6 43. Ra6 1/2-1/2


[Site "https://www.chess.com"]

[Event "Titled Tuesday Blitz February 14 Late 2023"]
[White "Melkumyan, Hrant"]
[Black "Naroditsky, Daniel"]
[WhiteFideId "13302485"]
[BlackFideId "2026961"]
[WhiteElo "2645"]
[BlackElo "2618"]
[Result "1/2-1/2"]
[Round "04"]
[TimeControl "180+2"]
[Date "2023.02.14"]
[WhiteClock "0:00:10"]
[BlackClock "0:00:03"]

1. d4 Nf6 2. c4 g6 3. Nc3 Bg7 4. e4 d6 5. Be2 O-O 6. h4 c5 7. d5 e6 8. h5 exd5 9. exd5 Re8 10. h6 Bh8 11. Bg5 Qb6 12. b3 Ne4 13. Nxe4 Rxe4 14. Nf3 Bg4 15. O-O Nd7 16. Bd3 Ree8 17. Rc1 Qa5 18. Rc2 Ne5 19. Be2 Bf5 20. Rd2 Nxf3+ 21. Bxf3 Qc3 22. Re1 Bc2 23. Qc1 Bf5 24. Qd1 Bc2 25. Qc1 Bf5 26. Rde2 Qxc1 27. Bxc1 Rxe2 28. Rxe2 Be5 29. Be4 Bxe4 30. Rxe4 f5 31. Re2 Kf7 32. Bg5 Re8 33. Kf1 a6 34. g3 Bd4 35. Rxe8 Kxe8 36. Ke2 Kd7 37. f3 Be5 38. g4 fxg4 39. fxg4 Bd4 40. Kd3 Be5 41. Ke4 Bg3 42. Be3 b6 43. Bd2 Be5 44. b4 Ke7 45. Be3 Bg3 46. Bd2 Be5 47. a4 Kd7 48. b5 axb5 49. cxb5 Bg3 50. Kd3 Be5 51. Kc4 Kc7 52. a5 bxa5 53. Bxa5+ Kb7 54. Bd2 Bg3 55. Be3 Be5 56. Bg5 Kb6 57. Bd2 Kb7 58. Be3 1/2-1/2


[Site "https://www.chess.com"]

[Event "Titled Tuesday Blitz February 14 Late 2023"]
[White "Yu, Yangyi"]
[Black "Kamsky, Gata"]
[WhiteFideId "8603820"]
[BlackFideId "2000024"]
[WhiteElo "2729"]
[BlackElo "2665"]
[Result "1/2-1/2"]
[Round "04"]
[TimeControl "180+2"]
[Date "2023.02.14"]
[WhiteClock "0:00:22"]
[BlackClock "0:00:26"]

1. Nf3 Nf6 2. g3 g6 3. Bg2 Bg7 4. c4 c6 5. d4 d5 6. Qa4 O-O 7. O-O Qb6 8. Nc3 Be6 9. cxd5 cxd5 10. Ng5 Bd7 11. Qd1 Nc6 12. e3 e6 13. b3 Rfc8 14. Bb2 Ne7 15. Nf3 Ne4 16. Nxe4 dxe4 17. Nd2 Bb5 18. Re1 f5 19. f3 exf3 20. Nxf3 Bc6 21. Rc1 Bd5 22. Qd2 Bh6 23. Ne5 Bxg2 24. Qxg2 Rxc1 25. Bxc1 Nd5 26. Nc4 Qb4 27. Bd2 Qf8 28. e4 Bxd2 29. Qxd2 fxe4 30. Rxe4 Qf6 31. Qf2 Kg7 32. a4 Qxf2+ 33. Kxf2 Kf6 34. Re1 Rd8 35. Kf3 Nb4 36. Rd1 Nc6 37. Ke4 Rd5 38. Ne3 Rd8 39. d5 exd5+ 40. Nxd5+ Kg7 41. Rf1 Re8+ 42. Kd3 Rd8 43. Ke4 Re8+ 44. Kd3 Rd8 45. Ke4 1/2-1/2


[Site "https://www.chess.com"]

[Event "Titled Tuesday Blitz February 14 Late 2023"]
[White "Andreikin, Dmitry"]
[Black "Remizov, Yaroslav"]
[WhiteFideId "4158814"]
[BlackFideId "34134015"]
[WhiteElo "2729"]
[BlackElo "2421"]
[Result "1/2-1/2"]
[Round "04"]
[TimeControl "180+2"]
[Date "2023.02.14"]
[WhiteClock "0:00:18"]
[BlackClock "0:00:07"]

1. c4 Nf6 2. Nc3 c5 3. Nf3 g6 4. d4 cxd4 5. Nxd4 Bg7 6. e4 O-O 7. Be2 d6 8. O-O Nc6 9. Be3 Bd7 10. Nc2 a6 11. Rc1 Rc8 12. h3 Na5 13. Na3 Nc6 14. Nc2 Na5 15. Na3 Nc6 16. Qd2 Qa5 17. Rfd1 Rfd8 18. Nc2 Ne5 19. b4 Qc7 20. Na3 Be6 21. Nd5 Bxd5 22. exd5 Ned7 23. c5 dxc5 24. bxc5 Ne4 25. d6 exd6 26. cxd6 Qxc1 27. Qxc1 Rxc1 28. Rxc1 Nxd6 29. Nc4 Nxc4 30. Rxc4 Be5 31. Bf3 b5 32. Rc6 a5 33. g4 b4 34. Ra6 Bc3 35. Kg2 Ne5 36. Be2 Nd3 37. Bxd3 Rxd3 38. Rxa5 Kg7 39. Ra4 Rd1 40. g5 Rb1 41. Bc5 Rb2 42. Ra8 h5 43. Bf8+ Kh7 44. Ra7 Bd4 45. Rxf7+ Kg8 46. Rf4 Be5 47. Rxb4 Rxa2 48. Bc5 Kf7 49. Rb6 Ra5 50. Be3 Rd5 51. f4 Bd6 52. Kf3 Rd3 53. Ke4 Rxe3+ 54. Kxe3 Bc5+ 55. Ke4 Bxb6 56. f5 Bd8 57. fxg6+ Kxg6 58. Kf3 Kxg5 59. Kg2 Kh4 60. Kh1 Kg3 61. Kg1 h4 62. Kh1 Bb6 1/2-1/2


[Site "https://www.chess.com"]

[Event "Titled Tuesday Blitz February 14 Late 2023"]
[White "Samsonkin, Artiom"]
[Black "Sarana, Alexey"]
[WhiteFideId "13503111"]
[BlackFideId "24133795"]
[WhiteElo "2420"]
[BlackElo "2685"]
[Result "1-0"]
[Round "04"]
[TimeControl "180+2"]
[Date "2023.02.14"]
[WhiteClock "0:00:07"]
[BlackClock "0:00:01"]

1. e4 c5 2. Nf3 d6 3. Bb5+ Bd7 4. Bxd7+ Nxd7 5. O-O e6 6. c4 Ne5 7. Nc3 Ne7 8. d3 N7c6 9. Ne1 g5 10. Kh1 h5 11. f4 gxf4 12. Bxf4 Bg7 13. Nf3 Qe7 14. a3 Nxf3 15. Qxf3 Be5 16. Nd1 O-O-O 17. Rb1 Rdg8 18. b4 Rg4 19. Bxe5 Nxe5 20. Qf2 Nxd3 21. Qxf7 Qxf7 22. Rxf7 Rxe4 23. Nc3 Rf4 24. Nb5 Rd8 25. Re7 a6 26. Na7+ Kb8 27. bxc5 Ka8 28. c6 Rb8 29. Rexb7 Rbf8 30. g3 Rf1+ 31. Rxf1 Rxf1+ 32. Kg2 Rf8 33. Rg7 1-0


[Site "https://www.chess.com"]

[Event "Titled Tuesday Blitz February 14 Late 2023"]
[White "Paravyan, David"]
[Black "Boros, Denes"]
[WhiteFideId "4194985"]
[BlackFideId "722340"]
[WhiteElo "2601"]
[BlackElo "2406"]
[Result "1-0"]
[Round "04"]
[TimeControl "180+2"]
[Date "2023.02.14"]
[WhiteClock "0:00:06"]
[BlackClock "0:00:07"]

1. e4 c5 2. Nf3 d6 3. d4 cxd4 4. Nxd4 Nf6 5. Nc3 e5 6. Bb5+ Bd7 7. Bxd7+ Qxd7 8. Nb3 Qc6 9. Qf3 Nbd7 10. Be3 Be7 11. g4 Nb6 12. g5 Nfd7 13. O-O-O a5 14. a3 Nc4 15. Rd3 b5 16. Nd5 Rc8 17. Rc3 Qa6 18. Nd2 Nxe3 19. Qxe3 Bd8 20. h4 O-O 21. Rxc8 Qxc8 22. Kb1 Nc5 23. h5 f5 24. h6 f4 25. Qe2 Bxg5 26. hxg7 Kxg7 27. Qh5 h6 28. Nf3 Qe8 29. Qh3 Qg6 30. Nxg5 hxg5 31. Ne7 g4 32. Nxg6 gxh3 33. Nxf8 Kxf8 34. f3 Ne6 35. Rxh3 Ng5 36. Rh6 Ke7 37. Kc1 Nxf3 38. Rg6 Nd4 39. Kd2 Ne6 40. Ke2 Kf7 41. Rh6 Nc5 42. Kf3 Na4 43. Rxd6 Nxb2 44. Rd5 Kf6 45. Rxb5 Nc4 46. Ke2 a4 47. Rb4 Nxa3 48. Kd3 f3 49. Rxa4 f2 50. Ke2 Nxc2 51. Kxf2 Kg5 52. Kf3 Nd4+ 53. Ke3 Ne6 54. Ra8 Kf6 55. Ra6 Ke7 56. Ra7+ Kf6 57. Rb7 Kg6 58. Rb6 Kf7 59. Kf3 Ng5+ 60. Ke3 Ne6 61. Rc6 Ke7 62. Kd3 Ng5 63. Rc1 Ne6 64. Kc4 Kd6 65. Ra1 Ke7 66. Ra6 Nf4 67. Kc5 Kd7 68. Rh6 Ke7 69. Rb6 Kd7 70. Ra6 Ke7 71. Rd6 Kf7 72. Kc6 Ke7 73. Rd1 Ke6 74. Kc7 Ne2 75. Rd6+ Ke7 76. Kc6 Nf4 77. Kc5 Kf7 78. Ra6 Ke7 79. Ra2 Ke6 80. Kc6 Ke7 81. Kb5 Ke6 82. Kc4 Ke7 83. Rb2 Ke6 84. Rb7 Kd6 85. Kc3 Ke6 86. Kd2 Kf6 87. Ke3 Ke6 88. Kf3 Kf6 89. Kg4 Nd3 90. Rb6+ Ke7 91. Kf5 Kd7 92. Re6 Kc7 93. Rxe5 1-0


[Site "https://www.chess.com"]

[Event "Titled Tuesday Blitz February 14 Late 2023"]
[White "Avinash, Ramesh"]
[Black "Bluebaum, Matthias"]
[WhiteFideId "45018340"]
[BlackFideId "24651516"]
[WhiteElo "2319"]
[BlackElo "2669"]
[Result "1/2-1/2"]
[Round "04"]
[TimeControl "180+2"]
[Date "2023.02.14"]
[WhiteClock "0:00:58"]
[BlackClock "0:00:27"]

1. d4 d5 2. c4 e6 3. Nc3 Bb4 4. g3 c5 5. cxd5 Qxd5 6. Nf3 cxd4 7. Qxd4 Qxd4 8. Nxd4 Nf6 9. Bg2 O-O 10. O-O e5 11. Ndb5 Nc6 12. a3 Be7 13. Be3 a6 14. Nc7 Rb8 15. N7d5 Nxd5 16. Nxd5 Be6 17. Rfd1 Bxd5 18. Bxd5 Rfd8 19. Bb6 Rdc8 20. b4 Kf8 21. Rac1 Bd8 22. Be3 Be7 23. h4 h5 24. Kg2 g6 25. Rc2 Rd8 26. Rcd2 Nd4 27. Bxd4 Rxd5 28. Bb6 Rxd2 29. Rxd2 Ke8 30. Bc7 Rc8 31. Bxe5 Rc1 32. Rd3 Rc2 33. Kf3 Ra2 34. Rc3 Kd7 35. Bf4 Ke6 36. Re3+ Kd7 37. Bg5 Bf8 38. Rd3+ Ke6 39. e4 a5 40. bxa5 Bxa3 41. Rb3 Bc5 42. Be3 Bxe3 43. Kxe3 Rxa5 44. Rxb7 Kf6 45. Kf4 Kg7 46. f3 Ra4 47. Rd7 Ra3 48. g4 hxg4 49. fxg4 Ra4 50. h5 gxh5 51. gxh5 Ra5 52. h6+ Kxh6 53. Rxf7 Kg6 54. Rb7 Kf6 55. Rb6+ Ke7 56. Rh6 Rb5 57. Rh7+ Ke6 58. Ra7 Rc5 59. Ra1 Rb5 60. Ra6+ Ke7 61. Ke3 Rh5 62. Kd4 Rg5 63. Rc6 Rh5 64. e5 Rh1 65. Kd5 Rd1+ 66. Ke4 Re1+ 67. Kf4 Rf1+ 68. Ke4 Re1+ 69. Kf4 Rf1+ 70. Ke4 Re1+ 1/2-1/2


[Site "https://www.chess.com"]

[Event "Titled Tuesday Blitz February 14 Late 2023"]
[White "Fedoseev, Vladimir"]
[Black "Li, Ruifeng"]
[WhiteFideId "24130737"]
[BlackFideId "2061074"]
[WhiteElo "2680"]
[BlackElo "2541"]
[Result "0-1"]
[Round "04"]
[TimeControl "180+2"]
[Date "2023.02.14"]
[WhiteClock "0:00:20"]
[BlackClock "0:00:30"]

1. e4 d6 2. d4 Nf6 3. Nc3 Nc6 4. Bg5 e5 5. dxe5 Nxe5 6. f4 Ng6 7. f5 Ne5 8. Nf3 h6 9. Bf4 Nfd7 10. Qd2 Be7 11. O-O-O c6 12. Kb1 Qa5 13. Nd4 b5 14. f6 b4 15. fxg7 Rg8 16. Nce2 Rxg7 17. Nf5 Rg6 18. Nxe7 Kxe7 19. Nd4 Nc5 20. Bxe5 dxe5 21. Nf5+ Bxf5 22. exf5 Rf6 23. Qe3 Na4 24. Bc4 Qc5 25. Qd3 Nb6 26. Ba6 Kf8 0-1


[Site "https://www.chess.com"]

[Event "Titled Tuesday Blitz February 14 Late 2023"]
[White "Yuan, Qingyu"]
[Black "Salem, A.R. Saleh"]
[WhiteFideId "8609772"]
[BlackFideId "9301348"]
[WhiteElo "2373"]
[BlackElo "2677"]
[Result "0-1"]
[Round "04"]
[TimeControl "180+2"]
[Date "2023.02.14"]
[WhiteClock "0:00:01"]
[BlackClock "0:00:11"]

1. e4 e5 2. Nf3 Nc6 3. Bb5 a6 4. Ba4 Nf6 5. d3 d6 6. c3 g6 7. O-O Bg7 8. Re1 O-O 9. Nbd2 Bd7 10. Nf1 Qe8 11. Ng3 Kh8 12. h3 Ng8 13. Bb3 f5 14. exf5 gxf5 15. a3 f4 16. Ne4 Qg6 17. Kh2 Nf6 18. Nxf6 Bxf6 19. Bd5 Bf5 20. d4 e4 21. Nd2 Rg8 22. Rg1 Bh4 23. Qf1 Ne7 24. Bxg8 Rxg8 25. c4 c6 26. d5 cxd5 27. cxd5 Nxd5 28. b4 Bf6 29. Ra2 Nc3 30. Rc2 e3 31. Rxc3 exd2 32. Bxd2 Be5 33. Kh1 Be4 34. Rf3 Qh5 35. Qe2 Bxf3 36. Qxf3 Qxf3 37. gxf3 Rc8 38. Rc1 Rxc1+ 39. Bxc1 Kg7 40. Kg2 Kf6 41. Kf1 b5 42. Ke2 Kg5 43. Kf1 h5 44. Kg2 Kf5 45. Kf1 Kf6 46. Ke2 Kg5 47. Kf1 d5 48. Kg2 Bd6 49. Kf1 Kf5 50. Bb2 Be5 51. Bc1 Bc3 52. Kg2 d4 53. Kf1 d3 0-1


[Site "https://www.chess.com"]

[Event "Titled Tuesday Blitz February 14 Late 2023"]
[White "Deac, Bogdan-Daniel"]
[Black "Lodici, Lorenzo"]
[WhiteFideId "1226380"]
[BlackFideId "884189"]
[WhiteElo "2700"]
[BlackElo "2524"]
[Result "1-0"]
[Round "04"]
[TimeControl "180+2"]
[Date "2023.02.14"]
[WhiteClock "0:00:03"]
[BlackClock "0:00:03"]

1. a3 g6 2. d4 Bg7 3. e4 c6 4. h3 d5 5. e5 c5 6. c3 Nc6 7. Nf3 c4 8. b3 cxb3 9. Qxb3 Na5 10. Bb5+ Kf8 11. Qd1 Bd7 12. a4 e6 13. Ba3+ Ne7 14. Nbd2 Kg8 15. O-O Bf8 16. Rb1 Rc8 17. Bb4 Nec6 18. Bxf8 Kxf8 19. Re1 Kg7 20. Nf1 Ne7 21. Ne3 h5 22. Ng5 h4 23. Ng4 Ng8 24. Bxd7 Qxd7 25. Qf3 Qe7 26. Qf4 Rxc3 27. Rec1 Rc4 28. Ne3 Rc6 29. Rxc6 Nxc6 30. a5 Nh6 31. a6 b6 32. Nf3 Nf5 33. Nxf5+ exf5 34. Rc1 Nb4 35. Rc3 Nxa6 36. Ng5 Nc7 37. e6 Nxe6 38. Qe5+ Kh6 39. Nxe6 f6 40. Qf4+ g5 41. Qxf5 Re8 42. Re3 Qf7 43. Nxg5 1-0


[Site "https://www.chess.com"]

[Event "Titled Tuesday Blitz February 14 Late 2023"]
[White "Bortnyk, Olexandr"]
[Black "Fernandez Guillen, Ernesto J."]
[WhiteFideId "14120828"]
[BlackFideId "3512428"]
[WhiteElo "2605"]
[BlackElo "2477"]
[Result "1-0"]
[Round "04"]
[TimeControl "180+2"]
[Date "2023.02.14"]
[WhiteClock "0:00:05"]
[BlackClock "0:00:03"]

1. d4 Nf6 2. Nc3 d5 3. Bf4 g6 4. e3 Bg7 5. h4 h6 6. Nf3 Bf5 7. Bd3 c6 8. Bxf5 gxf5 9. Ne5 Nbd7 10. Qf3 e6 11. O-O-O Ne4 12. Nxe4 fxe4 13. Qh5 Nxe5 14. Bxe5 Bxe5 15. Qxe5 Rg8 16. f3 Qb8 17. Qf6 Rg6 18. Qh8+ Ke7 19. Qxb8 Rxb8 20. fxe4 dxe4 21. Rd2 Rbg8 22. Rh2 h5 23. Rf2 Rg3 24. Kd2 R8g4 25. Re2 f5 26. c4 c5 27. dxc5 e5 28. b4 Rg8 29. Kc2 Rd8 30. Rh3 Rg4 31. Rh1 Ke6 32. a4 Rd3 33. a5 Rg3 34. Rd1 Rxd1 35. Kxd1 Rg4 36. Rd2 f4 37. exf4 exf4 38. Ke1 e3 39. Rd6+ Ke5 40. Kf1 Rxh4 41. a6 bxa6 42. Rd5+ Ke4 43. c6 Rh1+ 44. Ke2 Rh2 45. c7 f3+ 46. Kd1 Rh1+ 47. Kc2 fxg2 48. c8=Q 1-0


[Site "https://www.chess.com"]

[Event "Titled Tuesday Blitz February 14 Late 2023"]
[White "Terry, Renato"]
[Black "Goltsev, Dmitry"]
[WhiteFideId "3803457"]
[BlackFideId "24176710"]
[WhiteElo "2520"]
[BlackElo "2269"]
[Result "1/2-1/2"]
[Round "04"]
[TimeControl "180+2"]
[Date "2023.02.14"]
[WhiteClock "0:00:09"]
[BlackClock "0:00:13"]

1. e4 e6 2. d4 d5 3. exd5 exd5 4. Nf3 Nf6 5. c4 Bd6 6. Nc3 dxc4 7. Bxc4 O-O 8. O-O Nc6 9. Re1 Bg4 10. Be3 a6 11. h3 Bh5 12. g4 Bg6 13. Nh4 Re8 14. Qf3 Qd7 15. Rad1 Re7 16. Nxg6 hxg6 17. g5 Nh5 18. Nd5 Ree8 19. a3 Kh7 20. Nc3 Re7 21. Nd5 Ree8 22. Bd3 Kg8 23. Kg2 Rad8 24. Bc4 Kh7 25. Qg4 Ne7 26. Nxe7 Rxe7 27. Qxd7 Rdxd7 28. Kf3 Re8 29. Bc1 Rde7 30. Rxe7 Rxe7 31. Bd2 c6 32. a4 f5 33. a5 Re4 34. Be3 Rh4 35. Rh1 Bf4 36. Be6 Bc7 37. Bc8 Bxa5 38. Bxb7 Bb6 39. Rd1 Rxh3+ 40. Kg2 Rh4 41. Bxc6 f4 42. Bc1 Rg4+ 43. Kf3 Rxg5 44. d5 Rf5 45. b4 Rf8 46. d6 g5 47. Bb2 Nf6 48. Bxf6 gxf6 49. Kg4 Kg6 50. d7 f5+ 51. Kf3 Bc7 52. Ra1 g4+ 53. Ke2 f3+ 54. Kd3 f4 55. Rxa6 Rf6 56. Be4+ Kg5 57. Rxf6 Kxf6 58. Bd5 Bb6 59. Ke4 g3 60. Kxf3 gxf2 61. Bc4 Ke7 62. Bb5 f1=Q+ 63. Bxf1 Kxd7 64. Kxf4 Kd6 65. Ke4 Kc7 66. Kd3 Kb8 67. b5 Bc7 68. Ke4 Bh2 69. Kd3 Bc7 70. Ke4 Bh2 71. Kd3 Bc7 1/2-1/2


[Site "https://www.chess.com"]

[Event "Titled Tuesday Blitz February 14 Late 2023"]
[White "Nasuta, Grzegorz"]
[Black "Sjugirov, Sanan"]
[WhiteFideId "1141686"]
[BlackFideId "4189302"]
[WhiteElo "2552"]
[BlackElo "2712"]
[Result "0-1"]
[Round "04"]
[TimeControl "180+2"]
[Date "2023.02.14"]
[WhiteClock "0:00:01"]
[BlackClock "0:00:02"]

1. e4 c5 2. Nf3 Nc6 3. Bb5 e6 4. O-O Nge7 5. Re1 Ng6 6. c3 Be7 7. d4 cxd4 8. cxd4 d5 9. e5 O-O 10. Nc3 Bd7 11. a3 Be8 12. Bd3 f6 13. exf6 Rxf6 14. Bf1 h6 15. g3 Bd6 16. Bg2 a6 17. Qd3 Nge7 18. Be3 Bg6 19. Qd2 Qf8 20. Nh4 Bh7 21. f4 Nf5 22. Nf3 Qd8 23. Bf2 Kh8 24. Re2 Qd7 25. Rae1 Raf8 26. b4 Nfe7 27. Nh4 Nd8 28. Bh3 Bb8 29. Qd1 Nf5 30. Nf3 Nd6 31. Ne5 Qe8 32. Bg2 Bf5 33. Na4 Ne4 34. Nc5 Nxc5 35. dxc5 Nc6 36. Nxc6 Qxc6 37. Bd4 R6f7 38. Qd2 Bc7 39. Qc3 a5 40. Re3 axb4 41. axb4 Ra8 42. Bf1 Qa4 43. Be5 Bd8 44. Bd4 Kg8 45. Bg2 Bf6 46. Bf3 Qa2 47. g4 Bh4 48. gxf5 Bf2+ 49. Kg2 Bxe1+ 50. Re2 Bxc3 0-1


[Site "https://www.chess.com"]

[Event "Titled Tuesday Blitz February 14 Late 2023"]
[White "Livaic, Leon"]
[Black "Msellek, Ilyass"]
[WhiteFideId "14531534"]
[BlackFideId "675938"]
[WhiteElo "2579"]
[BlackElo "2420"]
[Result "1-0"]
[Round "04"]
[TimeControl "180+2"]
[Date "2023.02.14"]
[WhiteClock "0:00:05"]
[BlackClock "0:00:03"]

1. e4 c6 2. d4 d5 3. exd5 cxd5 4. Bd3 Nc6 5. c3 g6 6. h3 Bg7 7. Nf3 Nf6 8. Bf4 Bf5 9. Ne5 Bxd3 10. Nxd3 O-O 11. Nd2 Nh5 12. Bh2 b6 13. O-O Qc8 14. Re1 Re8 15. Qf3 Nf6 16. Re2 Qf5 17. Qxf5 gxf5 18. f3 e6 19. g4 fxg4 20. fxg4 Red8 21. Rf1 Ne8 22. Nf3 Nd6 23. Nf4 Ne4 24. Nh5 Bh8 25. Nd2 Nxd2 26. Rxd2 b5 27. Rdf2 Rd7 28. Bf4 b4 29. Bg5 bxc3 30. bxc3 Rc8 31. Bf6 Nd8 32. Bxd8 Rcxd8 33. Rf3 Rc8 34. Kg2 Rb7 35. h4 a5 36. g5 a4 37. Kg3 a3 38. Kg4 Rcc7 39. Nf4 Rb2 40. h5 Rxa2 41. Nxe6 Re7 42. Nf4 Rd7 43. R3f2 Rxf2 44. Rxf2 Bg7 45. Ra2 Bf8 46. Kf5 Rb7 47. Nxd5 Rb2 48. Ra1 Rf2+ 49. Ke4 Rg2 50. Nb4 Bxb4 51. cxb4 a2 52. Kd5 Rxg5+ 53. Kc6 Rg4 54. Kc5 Rg2 55. b5 Rc2+ 56. Kb4 f5 57. Kb3 Rd2 58. Rxa2 Rxd4 59. Kc3 Rd8 60. Kc4 Kf7 61. Ra7+ Kf6 62. Rxh7 f4 63. Ra7 f3 64. Ra3 Rc8+ 65. Kb4 Ke5 66. Rxf3 Kd4 67. Rf4+ Kd3 68. Rf1 Rc4+ 69. Ka5 Rc5 70. Ka6 Rxh5 71. b6 Kc4 72. b7 1-0


[Site "https://www.chess.com"]

[Event "Titled Tuesday Blitz February 14 Late 2023"]
[White "Indjic, Aleksandar"]
[Black "Solon, Nathan"]
[WhiteFideId "911925"]
[BlackFideId "2017229"]
[WhiteElo "2618"]
[BlackElo "2306"]
[Result "1-0"]
[Round "04"]
[TimeControl "180+2"]
[Date "2023.02.14"]
[WhiteClock "0:01:57"]
[BlackClock "0:01:27"]

1. d4 Nf6 2. c4 c5 3. d5 b5 4. Bg5 Ne4 5. Bf4 g6 6. Qc2 Qa5+ 7. Nd2 Nxd2 8. Bxd2 b4 9. h4 Bg7 10. h5 d6 11. e4 Nd7 12. Bd3 Ne5 13. Be2 O-O 14. h6 Bh8 15. f4 Ng4 16. Nf3 f5 17. Bd3 fxe4 18. Bxe4 Bf5 19. Bxf5 Rxf5 20. Rh4 Rh5 21. Rxg4 Rh1+ 22. Ke2 Rxa1 23. Rxg6+ hxg6 24. Qxg6+ Kf8 25. Ng5 1-0


[Site "https://www.chess.com"]

[Event "Titled Tuesday Blitz February 14 Late 2023"]
[White "Atanasov, Anthony"]
[Black "Perez Ponsa, Federico"]
[WhiteFideId "2623897"]
[BlackFideId "117927"]
[WhiteElo "2368"]
[BlackElo "2532"]
[Result "0-1"]
[Round "04"]
[TimeControl "180+2"]
[Date "2023.02.14"]
[WhiteClock "0:00:01"]
[BlackClock "0:00:52"]

1. d4 Nf6 2. Nf3 g6 3. c4 Bg7 4. Nc3 d6 5. e4 O-O 6. h3 e5 7. dxe5 dxe5 8. Bg5 Nbd7 9. Qd2 c6 10. O-O-O Qe7 11. h4 h5 12. Qd6 Qxd6 13. Rxd6 Ng4 14. Rd2 f6 15. Be3 Nxe3 16. fxe3 Bh6 17. Nd1 Nc5 18. Bd3 Be6 19. b3 a5 20. Bc2 b5 21. cxb5 cxb5 22. Re1 b4 23. Nb2 Rfc8 24. Kb1 Kf7 25. Rf1 Ke7 26. Re1 Rc7 27. Na4 Nxa4 28. bxa4 Rc3 29. Rd3 Rac8 30. Rxc3 Rxc3 31. Nd2 Bxa2+ 32. Kb2 Bxe3 33. Nb3 Bxb3 34. Bxb3 Bd4 35. Ka2 Rg3 36. Re2 Rg4 37. Bd5 Rxh4 38. Kb3 Kd6 39. Kc4 Rf4 40. Kb5 f5 41. Kxa5 fxe4 42. Bxe4 b3 43. Bxg6 b2 44. Ka6 Rf1 45. g4 hxg4 46. a5 b1=Q 47. Bxb1 Rxb1 48. Rf2 Ra1 49. Rf6+ Kd5 50. Rg6 Bc3 51. Rxg4 Rxa5+ 52. Kb6 Ra1 53. Kc7 e4 54. Kd7 Ra7+ 55. Kc8 e3 56. Rg5+ Be5 57. Rg2 Rf7 58. Rc2 Rf2 59. Rc3 Bxc3 0-1


[Site "https://www.chess.com"]

[Event "Titled Tuesday Blitz February 14 Late 2023"]
[White "Mamedov, Rauf"]
[Black "Jaracz, Pawel"]
[WhiteFideId "13401653"]
[BlackFideId "1102222"]
[WhiteElo "2646"]
[BlackElo "2467"]
[Result "1-0"]
[Round "04"]
[TimeControl "180+2"]
[Date "2023.02.14"]
[WhiteClock "0:00:14"]
[BlackClock "0:00:05"]

1. e4 c6 2. Nf3 d5 3. Nc3 Bg4 4. h3 Bxf3 5. Qxf3 e6 6. d4 dxe4 7. Nxe4 Qxd4 8. Bg5 f5 9. Nc3 Be7 10. Rd1 Qb4 11. Bd2 Qc5 12. Qh5+ g6 13. Qe2 Kf7 14. g4 Nf6 15. Bg2 Nbd7 16. O-O Rhe8 17. Rfe1 Bf8 18. b4 Qb6 19. b5 Kg8 20. bxc6 bxc6 21. Be3 Qb4 22. Bd2 Qc5 23. Na4 Qxc2 24. Nc3 Nd5 25. Rc1 Nxc3 26. Qe3 Qxa2 27. Bxc3 Bg7 28. Bxg7 Kxg7 29. Qd4+ Nf6 30. g5 Rf8 31. Rxc6 Rae8 32. Rc7+ Kg8 33. gxf6 Qa5 34. Rec1 e5 35. Qd7 1-0


[Site "https://www.chess.com"]

[Event "Titled Tuesday Blitz February 14 Late 2023"]
[White "Ozen, Bahadir"]
[Black "Hakobyan, Aram"]
[WhiteFideId "6337058"]
[BlackFideId "13306677"]
[WhiteElo "2369"]
[BlackElo "2608"]
[Result "0-1"]
[Round "04"]
[TimeControl "180+2"]
[Date "2023.02.14"]
[WhiteClock "0:00:18"]
[BlackClock "0:00:27"]

1. e4 c5 2. Nf3 d6 3. d4 cxd4 4. Nxd4 Nf6 5. Nc3 a6 6. Be3 Ng4 7. Bc1 Nf6 8. f3 e5 9. Nb3 Be6 10. Be3 h5 11. Qd2 Nbd7 12. Nd5 Bxd5 13. exd5 g6 14. O-O-O Bg7 15. Kb1 O-O 16. Be2 Qc7 17. g4 Rfc8 18. g5 Nxd5 19. Qxd5 Qxc2+ 20. Ka1 Qxe2 21. Rhe1 Qxh2 22. Qxd6 Nf8 23. Nc5 Rc6 24. Qd5 Rac8 25. Ne4 Ne6 26. Rh1 Qe2 27. Rhe1 Qb5 28. Qxb5 axb5 29. Nd6 Rd8 30. Nxb5 Rxd1+ 31. Rxd1 e4 32. f4 Rc2 33. Nc3 Bxc3 34. bxc3 Rxc3 35. Bc1 e3 36. Kb2 e2 37. Re1 Rxc1 38. Kxc1 Nxf4 39. Kd2 h4 40. Rb1 h3 41. Ke3 e1=Q+ 42. Rxe1 Ng2+ 43. Kf2 Nxe1 44. Kg3 h2 0-1


[Site "https://www.chess.com"]

[Event "Titled Tuesday Blitz February 14 Late 2023"]
[White "Fier, Alexandr"]
[Black "Yoo, Christopher Woojin"]
[WhiteFideId "2107139"]
[BlackFideId "30909694"]
[WhiteElo "2589"]
[BlackElo "2607"]
[Result "1-0"]
[Round "04"]
[TimeControl "180+2"]
[Date "2023.02.14"]
[WhiteClock "0:01:09"]
[BlackClock "0:00:07"]

1. d4 Nf6 2. c4 e6 3. Nc3 d5 4. cxd5 exd5 5. Bg5 Bb4 6. e3 h6 7. Bh4 g5 8. Bg3 Ne4 9. Ne2 h5 10. h4 Nxg3 11. Nxg3 gxh4 12. Nxh5 c6 13. Bd3 Qg5 14. Nf4 Nd7 15. Qc2 Nf6 16. O-O-O Bd6 17. g3 Bg4 18. Rdg1 O-O-O 19. gxh4 Rxh4 20. Rxh4 Qxh4 21. Ncxd5 Nxd5 22. Nxd5 Kb8 23. Nc3 Bf3 24. Be4 Qh2 25. Re1 Qg2 26. Bxf3 Qxf3 27. Qe2 Qf5 28. e4 Qa5 29. Rd1 Bb4 30. Qc4 Qg5+ 31. Kb1 Bxc3 32. Qxc3 Qf4 33. Qg3 Qxg3 34. fxg3 Rg8 35. Rd3 Rg4 36. Re3 Kc7 37. Kc2 Kd6 38. Kd3 Ke6 39. Rf3 f6 40. b4 b5 41. Re3 a6 42. Ke2 f5 43. exf5+ Kxf5 44. Re5+ Kf6 45. Rc5 Rxd4 46. Rxc6+ Ke5 47. a3 Rg4 48. Kf2 Rd4 49. Rxa6 Rd2+ 50. Kf3 Rd3+ 51. Kg4 Kd5 52. Kh4 Rd1 53. g4 Rh1+ 54. Kg5 Re1 55. Kh5 Rh1+ 56. Kg6 Rh8 57. g5 Rg8+ 58. Kf6 Rf8+ 59. Kg7 Rf3 60. g6 Kc4 61. Kh7 Rh3+ 62. Kg8 Rd3 63. g7 1-0


[Site "https://www.chess.com"]